 Dungeon Crawl Stone Soup version 0.26-a0-651-gb41185065b (webtiles) character file.

Game seed: 12392074531050132204

252 Flugslaktarn the Skirmisher (level 6, 0/49 HPs)
             Began as a Merfolk Fighter on Oct 28, 2020.
             Succumbed to an orc wizard's poison
             ... on level 3 of the Dungeon.
             The game lasted 00:01:15 (2077 turns).

Flugslaktarn the Skirmisher (Merfolk Fighter)       Turns: 2077, Time: 00:01:15

Health: 0/49       AC:  7    Str: 17    XL:     6   Next: 14%
Magic:  6/6        EV:  9    Int:  7    God:
Gold:   135        SH:  9    Dex: 15    Spells: 5/5 levels left

rFire    . . .     SeeInvis .   a - +0 war axe
rCold    . . .     Faith    .   c - +0 kite shield
rNeg     . . .     Spirit   .   b - +0 scale mail
rPois    .         Reflect  .   g - +0 helmet
rElec    .         Harm     .   (no cloak)
rCorr    .         Rampage  .   (no gloves)
MR       .....                  (no boots)
Stlth    ..........             (no amulet)
HPRegen  0.16/turn              (no ring)
MPRegen  0.10/turn              (no ring)

@: lethally poisoned (0 -> -15)
A: change form in water, swift swim, stealthy swim
a: no special abilities


You were on level 3 of the Dungeon.
You visited 1 branch of the dungeon, and saw 4 of its levels.

You collected 135 gold pieces.

Inventory:

Hand Weapons
 a - a +0 war axe (weapon)
Armour
 b - a +0 scale mail (worn)
 c - a +0 kite shield (worn)
 g - a +0 helmet (worn)
   (You found it on level 1 of the Dungeon)
Scrolls
 e - 2 scrolls of teleportation {unknown}
 f - 3 scrolls of identify {unknown}
 h - 2 scrolls of magic mapping {unknown}
 j - a scroll of enchant weapon {unknown}
Potions
 d - 2 potions of might


   Skills:
 + Level 4.3 Fighting
 * Level 3.5 Axes
 - Level 2.1 Armour
 + Level 3.0 Dodging
 + Level 4.0 Shields


You had 5 spell levels left.
You didn't know any spells.
Your spell library was empty.

Dungeon Overview and Level Annotations

Branches:
Dungeon (4/15)
 Temple: D:4-7

Altars:

Annotations:
D:3 Natasha


Message History

* * * LOW HITPOINT WARNING * * *
You feel sick. Natasha casts a spell at you. You resist with some effort.
The white imp lashes its tail.
You block the white imp's attack. You block the orc's attack.
Unknown command.
Unknown command.
Press: ? - help, v - describe, . - travel
Here: an orc wizard, wielding a +0 dagger of venom and wearing a +0 robe (lightly wounded)
The floor.
Unknown command.
* * * LOW HITPOINT WARNING * * *
You feel sick.
The white imp hits you but does no damage.
Natasha barely misses you.
The orc wizard casts a spell.
The orc wizard flickers and vanishes!
Deactivating autopickup; reactivate with Ctrl-A.
You die...

8.8...# 8....# ....# #...#
#...# #...####### .
######...##...##
....#######........#......
....J{oh.@..####..........
......g5..................
.....##........[..........
$... ##########...#......
... ..#.##.....# ..
#.(.........# .
#..#...#.....
#..#.#.[.#### ........####


You could see Natasha, an ooze, a white imp (summoned), an orc and a goblin.

Vanquished Creatures
  An ogre (D:4)
  A gnoll shaman (D:4)
  Natasha (D:3)
  A worker ant (D:4)
  3 gnolls (D:4)
  An adder (D:3)
  2 dart slugs (D:1)
  2 leopard geckos
  An orc (D:3)
  5 giant cockroaches
  4 goblins
  4 hobgoblins (D:1)
  8 kobolds
  2 ball pythons
  6 bats
  2 frilled lizards
  7 rats
51 creatures vanquished.

Notes
Turn   | Place    | Note
-------+----------+-------------------------------------------
     0 | D:1      | Flugslaktarn the Merfolk Fighter began the quest for the
                  | Orb.
     0 | D:1      | Reached XP level 1. HP: 18/18 MP: 1/1
    74 | D:1      | Reached XP level 2. HP: 14/24 MP: 2/2
   276 | D:1      | Reached skill level 1 in Dodging
   468 | D:1      | Reached XP level 3. HP: 29/29 MP: 3/3
  1189 | D:2      | You fall into a shaft and drop 2 floors!
  1201 | D:4      | Reached XP level 4. HP: 20/37 MP: 4/4
  1431 | D:4      | Reached XP level 5. HP: 40/42 MP: 5/5
  1496 | D:4      | Noticed an ogre
  1507 | D:4      | Killed an ogre
  1770 | D:3      | Noticed Natasha
  1795 | D:3      | Killed Natasha
  1795 | D:3      | Reached XP level 6. HP: 13/48 MP: 6/6
  2049 | D:3      | Found a faded altar of an unknown god.
  2066 | D:3      | Noticed Natasha
  2075 | D:3      | HP: 2/49 [poisoned by an orc wizard]
  2077 | D:3      | Succumbed to an orc wizard's poison

Illustrated notes

Levels and vault maps discovered:
D:1:      minmay_arrival_jagged, layout_loops_ring, hex_medium, minmay_ruptured
D:2:      minmay_skewed_foursquare, layout_loops_cross, marbit_many_paths
D:3:      layout_rooms, chequers_ecumenical_altar_simple_redux,
          gammafunk_ghost_cemetery, uniq_natasha
D:4:      minmay_chambers_of_twos, layout_basic, lemuel_round_altar,
          lemuel_round_altar, minmay_misc_feat_iff

Skill      XL: |  1  2  3  4  5  6 |
---------------+-------------------+-----
Axes           | 2 3 |  3.5
Dodging        | 1 2 3 |  3.0
Fighting       | 4 |  4.3
Shields        | 4 |  4.0
Armour         | |  2.1

Action                   |  1- 3 |  4- 6 || total
-------------------------+-------+-------++-------
Melee: War axe           |   149 |    52 ||   201
Evoke: Wand              |       |     2 ||     2
  Use: Potion            |       |     2 ||     2
Armor: Scale mail        |    80 |    20 ||   100
Dodge: Dodged            |    57 |    22 ||    79
Block: Kite shield       |    98 |    38 ||   136

Table legend: (Time is in decaauts)
 A = Elapsed time spent in this place.
 B = Non-inter-level travel time spent in this place.
 C = Inter-level travel time spent in this place.
 D = Time resting spent in this place.
 E = Time spent auto-exploring this place.
 F = Levels seen in this place.
 G = Mean time per level.
                   A        B        C        D        E       F      G
               +--------+--------+--------+--------+--------+-----+--------+
         Total |   2168 |   2147 |     21 |    603 |   1102 |   4 |  542.0 |
       Dungeon |   2168 |   2147 |     21 |    603 |   1102 |   4 |  542.0 |
               +--------+--------+--------+--------+--------+-----+--------+

Top non-repeatable levels by time:
     D:1: 1036 daAuts
     D:4: 592 daAuts
     D:3: 319 daAuts
     D:2: 220 daAuts
